 Dungeon Crawl Stone Soup version 0.30-a0-313-gae38170b09 (webtiles) character file.

Game seed: 18414685665419233971

692 KennySheep the Conjurer (level 7, -4/45 (50) HPs)
             Began as a Demigod Conjurer on Oct 26, 2022.
             Slain by a wight
             ... wielding a +0 battleaxe
              (16 damage)
             ... on level 5 of the Dungeon.
             The game lasted 00:18:04 (4441 turns).

KennySheep the Conjurer (Demigod Conjurer)          Turns: 4441, Time: 00:18:04

HP:   -4/45 (50)    AC:  8    Str:  8    XL:     7   Next: 14%
MP:   13/15         EV: 11    Int: 28    God:
Gold: 139           SH:  3    Dex: 12    Spells: 5/12 levels left

rFire   . . .      SeeInvis .    l - +0 dagger (drain)
rCold   . . .      Faith    .    m - +0 buckler
rNeg    . . .      Spirit   .    a - +0 robe
rPois   .          Reflect  .    s - +2 helmet
rElec   .          Harm     .    (no cloak)
rCorr   .          Rampage  .    (no gloves)
Will    .....                    g - +2 pair of boots
Stlth   ++........               (no amulet)
HPRegen 0.27/turn                (no ring)
MPRegen 0.14/turn                (no ring)

@: heavily drained
A: high MP 1, forlorn, divine attributes
a: no special abilities


You were on level 5 of the Dungeon.
You visited 1 branch of the dungeon, and saw 5 of its levels.

You collected 194 gold pieces.
You spent 55 gold pieces at shops.

Inventory:

Hand Weapons
 e - a +0 dagger
 l - a +0 dagger of draining (weapon)
Armour
 a - a +0 robe (worn)
 g - a +2 pair of boots (worn)
 k - a +1 hat
 m - a +0 buckler (worn)
 s - a +2 helmet (worn)
Jewellery
 x - an amulet of the acrobat
Wands
 u - a wand of flame (11)
 y - a wand of quicksilver (5)
Scrolls
 f - 2 scrolls of teleportation
 j - 2 scrolls of identify
 t - a scroll of enchant armour {unknown}
 w - a scroll of butterflies {unknown}
Potions
 c - 2 potions of brilliance {unknown}
 d - 2 potions of berserk rage {unknown}
 h - a potion of lignification {unknown}
 i - a potion of attraction {unknown}
 n - a potion of heal wounds {unknown}
 o - a potion of curing {unknown}
 p - a potion of ambrosia {unknown}
 q - a potion of mutation
 r - 2 potions of flight {unknown}
 v - 2 potions of haste


   Skills:
 - Level 1.7 Dodging
 - Level 1.7 Stealth
 + Level 3.3 Spellcasting
 * Level 6.0 Conjurations
 * Level 4.4 Translocations


You had 5 spell levels left.
You knew the following spells:

 Your Spells              Type           Power      Damage    Failure   Level
a - Magic Dart            Conj           100%       1d8       1%          1
b - Searing Ray           Conj           76%        2d7       1%          2
c - Iskenderun's Mystic   Conj/Tloc      34%        2d8       13%         4

Your spell library contained the following spells:

 Spells                   Type           Power      Damage    Failure   Level
 Dazzling Flash           Conj/Hex       42%        N/A       10%         3
 Fulminant Prism          Conj/Hex       10%        3d9       30%         4
 Animate Dead             Necr           4%         N/A       71%         4
 Haunt                    Necr/Summ      2%         N/A       100%        7
 Infestation              Necr           2%         N/A       100%        8


Dungeon Overview and Level Annotations

Branches:
Dungeon (5/15)             Temple (0/1) D:4

Shops:
D:2 *   D:5 (

Annotations:
D:2 Sigmund


Innate Abilities, Weirdness & Mutations

You have an increased reservoir of magic. (+10% MP)
You shall have no god before yourself.
Your divine heritage dramatically boosts your attributes as you level up.


Message History

Aiming: Searing Ray (safe; 1% risk of failure)
Press: ? - help, Shift-Dir - straight line, f - wight
Aim: a wight, wielding a +0 battleaxe and wearing a +0 robe (wandering, hasn't noticed you, 81% to hit)
The searing ray misses the wight. (Press . to maintain the ray.)
The searing ray hits the wight.
The wight is lightly damaged.
The wight hits you with a +0 battleaxe!
You feel drained.
The searing ray hits the wight.
The wight is moderately damaged.
The wight misses you.
The searing ray misses the wight.
You finish channelling your searing ray.
The wight closely misses you.
Casting: Searing Ray (safe; 1% risk of failure)
Confirm with . or Enter, or press ? or * to list all spells.
Aiming: Searing Ray (safe; 1% risk of failure)
Press: ? - help, Shift-Dir - straight line, f/p - wight
Aim: a wight, wielding a +0 battleaxe and wearing a +0 robe (moderately damaged, 81% to hit)
The searing ray misses the wight. (Press . to maintain the ray.)
The wight barely misses you.
The searing ray misses the wight.
The wight closely misses you.
Okay, then.
The searing ray hits the wight!
The wight is severely damaged.
The wight hits you with a +0 battleaxe!
* * * LOW HITPOINT WARNING * * *
You feel drained. Magic courses through your body.
The wight closely misses you.
Casting: Searing Ray (safe; 1% risk of failure)
Confirm with . or Enter, or press ? or * to list all spells.
Aiming: Searing Ray (safe; 1% risk of failure)
Press: ? - help, Shift-Dir - straight line, f/p - wight
Aim: a wight, wielding a +0 battleaxe and wearing a +0 robe (severely damaged, 81% to hit)
The searing ray hits the wight.
The wight is almost destroyed. (Press . to maintain the ray.)
The wight hits you with a +0 battleaxe!
You die...

#.# #.#.#...# ###########.#
#.#.##..>#
.#####........##.#####.####.#
..........###.##...##...##
... z.........#
#.######.....## ###
#.........# #.# ###.......#
#.........###.###....._.....#
######.###........#.......#.#
.......# #......@.##.....##.#
...##..# #......z..##...## #
...##..# #.........###.##
...##..# #........... .#
...##..# #.........#####
...##..# #.........# .......#
#.........# ...##.##
####.##.... ...##.#


You could see a wight.

Vanquished Creatures
  Menkaure (D:5)
  A phantom (D:5)
  A necrophage (D:5)
  2 wights (D:5)
  2 howler monkeys (D:5)
  A gnoll bouda (D:5)
  Jessica (D:3)
  An iguana (D:5)
  2 orc wizards (D:5)
  Robin (D:2)
  2 adders
  2 gnolls (D:5)
  4 dart slugs
  2 orcs
  4 bats
  7 endoplasms
  5 giant cockroaches
  18 goblins
  7 hobgoblins
  3 quokkas
  6 ball pythons
  5 frilled lizards
  7 kobolds
  8 rats
93 creatures vanquished.

Notes
Turn   | Place    | Note
-------+----------+-------------------------------------------
     0 | D:1      | KennySheep the Demigod Conjurer began the quest for the
                  | Orb.
     0 | D:1      | Reached XP level 1. HP: 14/14 MP: 5/5
   334 | D:1      | Reached skill level 1 in Translocations
   334 | D:1      | Reached XP level 2. HP: 10/20 MP: 0/7
   731 | D:1      | Reached skill level 4 in Conjurations
   959 | D:2      | Reached XP level 3. HP: 26/26 MP: 2/8
  1334 | D:2      | Noticed Sigmund
  1375 | D:2      | Found Seidy's Assorted Antiques.
  1387 | D:2      | Identified the +2 helmet of the Trees {Harm Rampage rF-
                  | Stlth+}
  1387 | D:2      | Noticed Robin
  1433 | D:1      | Learned a level 2 spell: Searing Ray
  1516 | D:2      | Killed Robin
  1707 | D:2      | Bought a smoky inky potion for 26 gold pieces
  1707 | D:2      | Bought a scroll labelled XUR OLAGHAIPHA for 29 gold pieces
  1807 | D:2      | Reached XP level 4. HP: 33/33 MP: 7/10
  2773 | D:3      | Learned a level 4 spell: Iskenderun's Mystic Blast
  3219 | D:3      | Noticed Jessica
  3224 | D:3      | Killed Jessica
  3542 | D:4      | Found a staircase to the Ecumenical Temple.
  3546 | D:5      | Entered Level 5 of the Dungeon
  3568 | D:5      | Reached XP level 5. HP: 15/38 MP: 1/11
  3590 | D:5      | Reached skill level 5 in Conjurations
  3727 | D:5      | Reached XP level 6. HP: 43/45 MP: 0/13
  3857 | D:5      | Noticed Menkaure
  3873 | D:5      | Killed Menkaure
  3953 | D:5      | Found Ilazxeori's Antique Weapon Shoppe.
  4415 | D:5      | Reached XP level 7. HP: 25/47 MP: 6/15
  4416 | D:5      | Reached skill level 6 in Conjurations
  4441 | D:5      | Slain by a wight

Illustrated notes

Levels and vault maps discovered:
D:1:      dpeg_arrival_arbitrary_c, layout_rooms
D:2:      layout_basic, serial_shops, nicolae_shop_trees,
          nicolae_ecumenical_pavilion, uniq_robin, uniq_sigmund
D:3:      layout_basic, mainiacjoe_overflow_concentric_impassable,
          nicolae_uskayaw_murder_on_the_dancefloor, uniq_jessica
D:4:      layout_loops_corners, nicolae_ashenzari_skybound,
          minmay_temple_entry_from_below_a, serial_shops,
          nicolae_shop_advertising_works [nicolae_subvault_shop_adworks],
          gup_sewer_entry_spiral
D:5:      layout_basic, tgw_kikubaaqudgha, lemuel_round_altar,
          kennysheep_little_box, serial_shops, nicolae_take_the_stairs,
          uniq_menkaure, uniq_duvessa

Skill      XL: |  1  2  3  4  5  6  7 |
---------------+----------------------+-----
Translocations | 1 2 3 4 |  4.4
Spellcasting   | 2 3 |  3.3
Conjurations   | 4 5 6 |  6.0
Dodging        | |  1.7
Stealth        | |  1.7

Action                   |  1- 3 |  4- 6 |  7- 9 || total
-------------------------+-------+-------+-------++-------
Melee: Dagger            |     3 |     5 |       ||     8
 Cast: Magic Dart        |    91 |    60 |       ||   151
       Searing Ray       |     1 |    15 |     3 ||    19
  Use: Scroll            |       |     5 |       ||     5
       Potion            |       |       |     1 ||     1
Armor: Robe              |     7 |    10 |       ||    17
Dodge: Dodged            |    18 |    11 |     5 ||    34
Block: Buckler           |     3 |       |       ||     3

Table legend: (Time is in decaauts)
 A = Elapsed time spent in this place.
 B = Non-inter-level travel time spent in this place.
 C = Inter-level travel time spent in this place.
 D = Time resting spent in this place.
 E = Time spent auto-exploring this place.
 F = Levels seen in this place.
 G = Mean time per level.
                   A        B        C        D        E       F      G
               +--------+--------+--------+--------+--------+-----+--------+
         Total |   4442 |   4219 |    223 |    561 |   3021 |   5 |  888.4 |
       Dungeon |   4442 |   4219 |    223 |    561 |   3021 |   5 |  888.4 |
               +--------+--------+--------+--------+--------+-----+--------+

Top non-repeatable levels by time:
     D:2: 1321 daAuts
     D:1: 1184 daAuts
     D:3: 1034 daAuts
     D:5: 895 daAuts
     D:4: 7 daAuts
